AoeStats
← WatchYourBack

Arabian Desert

510808248Analyzed
1v1 RM · 1d ago on Oct 2, 2026· 38m 45s· 2 players
Game mode
Random Map
Map size
Tiny (2 player)
Population
200
Speed
Normal
Resources
Standard
Victory
Conquest
Starting age
Dark Age
Ending age
Imperial Age
RankedLock teamsTeams togetherTeam positionsShared explorationLock speedFull tech treeHidden civsTurbo modeCheats
Victory
Defeat
🇩🇪 Wei · Germany
1115
+40
🇭🇺 Sicilians · Hungary
1106
-16
Stinky_Boii
5:54 Loom
10:40 Feudal Age
11:19 Double-Bit Axe
17:52 Horse Collar
21:02 Castle Age
20:28 Stone Mining
24:29 Elite Skirmisher
26:18 Gold Mining
28:50 Fletching
31:08 Padded Archer Armor
32:31 Bodkin Arrow
33:24 Town Watch
33:58 Bloodlines
36:22 Bow Saw
WatchYourBack
5:30 Loom
8:44 Feudal Age
10:25 Double-Bit Axe
11:05 Horse Collar
19:56 Castle Age
18:03 Gold Mining
18:52 Fletching
22:29 Bloodlines
22:16 Bodkin Arrow
25:43 Wheelbarrow
26:34 Ballistics
27:38 Padded Archer Armor
28:22 Hand Cart
32:59 Imperial Age
32:05 Thumb Ring
33:12 Husbandry
33:19 Scale Barding Armor
33:17 Heavy Hei Guang Cavalry
33:53 Stone Mining
34:26 Bracer
35:46 Parthian Tactics
37:38 Chain Barding Armor
38:05 Forging
Connection lost

Rejoining the realm…

Still unreachable

The connection could not be restored.

Session expired

The server has moved on; the page needs a fresh start.